 Seeded DCSS version 0.30-a0-305-g026cb31310 (webtiles) character file.

Game seed: 17790380096243088950 (custom seed)

191 purpskrrrp the Ruffian (level 5, 0/49 HPs)
             Began as a Troll Transmuter on Oct 22, 2022.
             Was a Follower of Qazlal.
             Slain by a gnoll
             ... wielding a +0 spear
              (6 damage)
             ... on level 4 of the Dungeon.
             The game lasted 00:02:27 (1724 turns).

purpskrrrp the Ruffian (Troll Transmuter)           Turns: 1724, Time: 00:02:28

Health: 0/49       AC:  4    Str: 20    XL:     5   Next: 41%
Magic:  6/6        EV: 10    Int:  9    God:    Qazlal [*.....]
Gold:   95         SH:  2    Dex: 10    Spells: 6/7 levels left

rFire   . . .      SeeInvis .      - Unarmed
rCold   . . .      Faith    .    (no shield)
rNeg    . . .      Spirit   .    a - +0 robe
rPois   .          Reflect  .    (helmet restricted)
rElec   .          Harm     .    (no cloak)
rCorr   .          Rampage  .    (gloves unavailable)
Will    .....                    (boots unavailable)
Stlth   +.........               (no amulet)
HPRegen 1.08/turn                (no ring)
MPRegen 0.10/turn                (no ring)

@: no status effects
A: large, unfitting armour, claws 3, regeneration 1, shaggy fur 1, tough skin 1
a: Renounce Religion


You were on level 4 of the Dungeon.
You worshipped Qazlal.
Qazlal was aware of your devotion.
You visited 1 branch of the dungeon, and saw 4 of its levels.

You collected 95 gold pieces.

Inventory:

Hand Weapons
 p - a +1 flail of draining
Armour
 a - a +0 robe (worn)
Scrolls
 c - 2 scrolls of blinking {unknown}
 d - a scroll of summoning {unknown}
 g - 2 scrolls of immolation {unknown}
 h - 3 scrolls of identify {unknown}
 l - a scroll of amnesia {unknown}
 n - 2 scrolls of butterflies {unknown}
 o - a scroll of magic mapping {unknown}
 q - a scroll of teleportation {unknown}
Potions
 b - a potion of lignification
 e - a potion of ambrosia {unknown}
 f - 2 potions of haste {unknown}
 i - 6 potions of curing {unknown}
 j - 2 potions of mutation {unknown}
 m - a potion of brilliance {unknown}


   Skills:
 + Level 1.8 Fighting
 + Level 2.3 Dodging
 * Level 4.4 Unarmed Combat
 + Level 1.8 Spellcasting
 + Level 2.0 Transmutations


You had 6 spell levels left.
You knew the following spells:

 Your Spells              Type           Power      Damage    Failure   Level
a - Beastly Appendage     Tmut           8%         N/A       14%         1

Your spell library contained the following spells:

 Spells                   Type           Power      Damage    Failure   Level
 Sting                    Tmut/Pois      8%         1d3       22%         1
 Wereblood                Tmut           4%         N/A       22%         2
 Poisonous Vapours        Pois/Air       0%         N/A       45%         2
 Spider Form              Tmut/Pois      2%         N/A       56%         3
 Ice Form                 Ice/Tmut       2%         N/A       92%         4
 Olgreb's Toxic Radiance  Pois           0%         N/A       98%         4
 Fireball                 Conj/Fire      0%         3d3       100%        5
 Iskenderun's Battlesphe  Conj           0%         2d6       100%        5
 Conjure Ball Lightning   Conj/Air       0%         3x3d6     100%        6
 Orb of Destruction       Conj           0%         9d5       100%        7


Dungeon Overview and Level Annotations

Branches:
Dungeon (4/15)
 Temple: D:4-7

Altars:
Okawaru
Qazlal
Xom


Innate Abilities, Weirdness & Mutations

You are too large for most types of armour.
You have claws for hands.
Your natural rate of healing is unusually fast.
You are covered in fur. (AC +1)
You have tough skin. (AC +1)


Message History

Found a leather armour.
You see here a +0 leather armour. 2 gnolls come into view.
The gnoll shouts! x2
There are monsters nearby!
There are monsters nearby!
There are monsters nearby! 2 gnolls come into view.
The gnoll shouts!
You see here 6 gold pieces.
The gnoll closely misses you.
You scratch the gnoll.
The gnoll is lightly wounded.
The gnoll closely misses you. x2
You barely miss the gnoll.
The gnoll is lightly wounded.
The gnoll hits you but does no damage. x2
You closely miss the gnoll. Your claw misses the gnoll.
The gnoll is lightly wounded.
The gnoll barely misses you. The gnoll hits you with a +0 spear.
The gnoll hits you with a +0 flail!
You closely miss the gnoll.
The gnoll is lightly wounded.
The gnoll hits you with a +0 whip. The gnoll closely misses you.
The gnoll hits you with a +0 spear! The gnoll hits you with a +0 flail!
You are too injured to fight recklessly!
You are too injured to fight recklessly!
You are too injured to fight recklessly!
You are too injured to fight recklessly!
You are too injured to fight recklessly!
You are too injured to fight recklessly!
There are monsters nearby!
The air fills with toxic fumes!
As you read the scroll labelled JIEFFUSEPEY, it crumbles to dust.
It was a scroll of poison.
The gnoll hits you with a +0 whip!
* * * LOW HITPOINT WARNING * * *
The gnoll hits you with a +0 spear!
* * * LOW HITPOINT WARNING * * *
The gnoll hits you with a +0 spear.
You die...

##....≈.##.......##
#..#.≈.####.§§§##
#..#.≈.# #.§§####..
#..#.≈.# #.§§#§§§..
#..#...# ##§§§§§§.#
..#§§. ###§§§§§§§.#
#§P§##§§§§§§§§§##
#§P§§§§§§§§§§§§#
§§P§§§g@g§§§§§§.#
§§P§§§§gg§§§§§§..
§§§§§§§§§§§§§§§^.
§§§§§§§§§§§§§§§..
§§§§§§§§§#####§.
§§§§§§§§##
§§§§§§### §#####


You could see 4 gnolls.

Vanquished Creatures
  An orc priest (D:4)
  An iguana (D:4)
  Terence (D:3)
  5 adders (D:2)
  A worm (D:2)
  3 dart slugs
  4 orcs
  3 endoplasms
  4 goblins
  4 hobgoblins
  4 jackals (D:2)
  12 kobolds
  4 ball pythons
  5 bats
  A frilled lizard (D:1)
  2 rats
55 creatures vanquished.

Notes
Turn   | Place    | Note
-------+----------+-------------------------------------------
     0 | D:1      | purpskrrrp the Troll Transmuter began the quest for the
                  | Orb.
     0 | D:1      | Reached XP level 1. HP: 18/18 MP: 1/1
   185 | D:1      | You fall into a shaft and drop 1 floor!
   222 | D:2      | Reached skill level 1 in Fighting
   222 | D:2      | Reached XP level 2. HP: 20/27 MP: 3/3
   318 | D:2      | Reached XP level 3. HP: 28/33 MP: 4/4
   680 | D:2      | Reached XP level 4. HP: 41/41 MP: 5/5
   998 | D:3      | Noticed Terence
  1002 | D:3      | Killed Terence
  1003 | D:3      | Reached skill level 4 in Unarmed Combat
  1042 | D:3      | Found a faded altar of an unknown god.
  1045 | D:3      | Prayed at the altar of an unknown god.
  1045 | D:3      | Became a worshipper of Qazlal Stormbringer
  1045 | D:3      | Reached * piety under Qazlal
  1072 | D:3      | Found a shimmering altar of Xom.
  1630 | D:4      | Reached XP level 5. HP: 49/49 MP: 6/6
  1698 | D:4      | Found an iron altar of Okawaru.
  1724 | D:4      | Slain by a gnoll

Illustrated notes

Levels and vault maps discovered:
D:1:      dpeg_arrival_water_temple_mockup, layout_basic,
          nicolae_figureground_pulse
D:2:      layout_loops_cross, minmay_goblin_kobold_house
D:3:      layout_basic, xom_teletrap_fun,
          hellmonk_ecumenical_altar_heavens_door, chequers_jeans, minmay_cupped,
          uniq_terence
D:4:      cheibrodos_thug_alley, layout_layer_cave, tso_altar,
          mainiacjoe_overflow_brackets, mainiacjoe_overflow_boulevard,
          minmay_temple_entry_sparse_star, serial_shops, shop, uniq_duvessa

Skill      XL: |  1  2  3  4  5 |
---------------+----------------+-----
Fighting       | 1 |  1.8
Dodging        | 2 |  2.3
Unarmed Combat | 4 |  4.4
Transmutations | 2 |  2.0
Spellcasting   | |  1.8

Action                   |  1- 3 |  4- 6 || total
-------------------------+-------+-------++-------
Melee: Unarmed           |    82 |    58 ||   140
       Kick              |       |     2 ||     2
       Punch             |       |     2 ||     2
       Headbutt          |       |     1 ||     1
 Cast: Beastly Appendage |       |     2 ||     2
  Use: Scroll            |       |     1 ||     1
 Stab: Sleeping          |     2 |       ||     2
Armor: Robe              |    39 |    13 ||    52
Dodge: Dodged            |    42 |    34 ||    76
Block: Other             |       |     2 ||     2

Table legend: (Time is in decaauts)
 A = Elapsed time spent in this place.
 B = Non-inter-level travel time spent in this place.
 C = Inter-level travel time spent in this place.
 D = Time resting spent in this place.
 E = Time spent auto-exploring this place.
 F = Levels seen in this place.
 G = Mean time per level.
                   A        B        C        D        E       F      G
               +--------+--------+--------+--------+--------+-----+--------+
         Total |   1714 |   1680 |     34 |      0 |   1312 |   4 |  428.5 |
       Dungeon |   1714 |   1680 |     34 |      0 |   1312 |   4 |  428.5 |
               +--------+--------+--------+--------+--------+-----+--------+

Top non-repeatable levels by time:
     D:2: 730 daAuts
     D:3: 677 daAuts
     D:1: 184 daAuts
     D:4: 122 daAuts
